Map: [ESL] Oceanborn

Players

Spirit

  • Race: Terran Terran
  • Spawn Location: 11:00

SKillous - Winner!

  • Race: Protoss Protoss
  • Spawn Location: 5:00

Event: ESL SC2 Masters 2024 Spring (Regional)

VOD

Have the link to the VOD?

Description

Time

  • Played on: April 17, 2024, 10:04 a.m.
  • Length: 16:07

All games in this series

Show
View Real Time Build Order
Export as new Build Order

Spirit Terran 

Build Orders:  

Get SALT Encoding   

  12  0:00  SCV  
  13  0:12  SCV  
  14  0:17  Supply Depot  
  14  0:24  SCV  
  15  0:38  SCV  
  15  0:40  Barracks  
  16  0:45  Refinery  
  16  0:50  SCV  
  17  1:02  SCV  
  18  1:14  SCV  
  19  1:27  Orbital Command, Marine  
  20  1:39  Command Center  
  20  1:49  Factory  
  20  1:53  SCV  
  21  2:00  Supply Depot  
  21  2:05  SCV, Barracks Reactor  
  22  2:09  Refinery  
  22  2:17  SCV  
  23  2:29  SCV  
  24  2:33  Widow Mine  
  26  2:41  SCV, Marine x2  
  26  2:42  Starport  
  29  2:53  SCV  
  29  2:56  Widow Mine  
  32  2:59  Marine x2  
  34  3:05  SCV  
  34  3:07  Orbital Command  
  35  3:17  Marine x2  
  35  3:18  SCV, Factory Tech Lab  
  38  3:20  Medivac  
  40  3:30  SCV  
  40  3:33  Supply Depot  
  41  3:34  SCV  
  41  3:36  Siege Tank  
  41  3:40  Marine  
  46  3:50  Supply Depot  
  46  3:54  SCV x2, Marine  
  49  3:56  Bunker  
  49  3:58  Supply Depot  
  49  3:59  Marine  
  50  4:06  SCV x2  
  52  4:12  Siege Tank  
  52  4:15  Medivac  
  57  4:19  SCV x2  
  57  4:21  Marine  
  57  4:23  Supply Depot  
  60  4:31  SCV x2  
  62  4:35  Barracks  
  62  4:39  Barracks  
  62  4:40  Marine x2  
  62  4:43  SCV  
  66  4:45  SCV  
  66  4:46  Supply Depot  
  66  4:48  Starport Tech Lab  
  66  4:51  Engineering Bay  
  66  4:52  Refinery  
  66  4:55  SCV  
  66  4:57  SCV  
  66  4:58  Marine x2  
  66  5:07  SCV  
  66  5:09  SCV, Refinery  
  66  5:10  Raven  
  67  5:16  Marine x2  
  67  5:19  SCV  
  68  5:22  SCV  
  69  5:29  Command Center  
  69  5:30  Barracks Tech Lab  
  69  5:32  Terran Infantry Weapons Level 1  
  69  5:35  Stimpack  
  69  5:37  Marauder  
  69  5:42  SCV  
  72  5:52  SCV  
  72  5:56  Starport Reactor  
  73  5:57  Siege Tank, Combat Shield  
  73  5:59  Barracks  
  73  6:01  SCV, Barracks  
  73  6:04  Marauder x2  
  81  6:09  SCV  
  82  6:13  SCV  
  82  6:16  Marine x2  
  85  6:20  Supply Depot  
  85  6:21  Supply Depot  
  85  6:28  SCV  
  86  6:40  SCV x2, Factory Reactor, Medivac x2, Marauder x2, Marine  
  98  6:47  Marine  
  98  6:51  Barracks Tech Lab  
  98  6:53  Ghost Academy  
  98  6:54  SCV x2  
  100  7:00  Marine  
  101  7:02  Marauder x2  
  101  7:03  Supply Depot x2  
  101  7:04  Marauder, Concussive Shells  
  101  7:06  SCV x2, Marine  
  110  7:18  SCV x2, Marine  
  110  7:22  Orbital Command  
  113  7:23  Ghost, Marauder  
  113  7:24  Ghost  
  113  7:25  Supply Depot  
  113  7:27  Widow Mine x2  
  123  7:30  SCV  
  123  7:32  SCV  
  125  7:38  Medivac  
  125  7:39  Medivac  
  125  7:42  SCV  
  125  7:43  Refinery  
  130  7:44  SCV, Refinery, Supply Depot  
  130  7:48  Widow Mine  
  130  7:49  SCV  
  130  7:51  Supply Depot  
  134  7:54  SCV  
  134  7:55  Ghost  
  134  7:56  SCV  
  138  7:59  Terran Infantry Armor Level 1  
  138  8:01  SCV  
  138  8:06  SCV  
  138  8:08  SCV  
  138  8:11  Command Center  
  144  8:13  SCV, Marauder x2  
  144  8:17  Supply Depot  
  144  8:18  SCV  
  144  8:19  Bunker  
  145  8:21  Ghost  
  145  8:22  Sensor Tower, Marine  
  145  8:25  Engineering Bay  
  145  8:26  Armory  
  148  8:28  Missile Turret  
  148  8:33  Marine, Ghost, Missile Turret  
  151  8:37  Medivac  
  151  8:39  Widow Mine  
  151  8:41  Supply Depot  
  155  8:43  Supply Depot  
  155  8:44  Widow Mine  
  155  8:46  Marauder  
  155  8:47  Marauder  
  161  8:49  Medivac  
  161  8:50  SCV  
  161  8:55  Marine  
  165  9:02  Ghost  
  168  9:03  Marauder  
  168  9:06  Ghost  
  169  9:10  SCV  
  169  9:12  Barracks  
  169  9:13  Barracks, Supply Depot  
  169  9:14  Barracks  
  169  9:15  Supply Depot  
  169  9:16  Terran Infantry Weapons Level 2  
  170  9:19  Marine  
  170  9:20  Marauder  
  170  9:23  Marine  
  176  9:24  Marauder, Missile Turret  
  176  9:30  Ghost  
  178  9:35  Ghost  
  180  9:38  Marine  
  180  9:41  Marauder, Marine  
  184  9:46  SCV, Marauder  
  184  9:48  SCV  
  184  9:52  Medivac x2  
  188  9:56  Marine  
  188  9:59  Marine  
  190  10:00  Marauder  
  190  10:02  Marine  
  190  10:04  Barracks Tech Lab x2, Marine  
  192  10:07  Terran Ship Weapons Level 1, Marine  
  192  10:09  SCV  
  193  10:14  Marine  
  193  10:21  Marine  
  193  10:22  SCV, Liberator x2  
  193  10:23  Marine x2  
  193  10:25  Marine  
  193  10:26  SCV  
  197  10:32  Ghost x2  
  197  10:33  Marine  
  197  10:34  SCV  
  197  10:35  SCV, Marine  
  186  10:36  Marauder  
  186  10:38  SCV  
  186  10:40  Marine  
  186  10:41  Marine x2  
  191  10:43  Barracks Tech Lab  
  191  10:46  SCV  
  191  10:48  Planetary Fortress  
  192  10:50  Marine  
  192  10:54  Marauder  
  195  10:57  Marine  
  195  10:58  SCV  
  195  11:01  Ghost  
  199  11:07  Missile Turret  
  199  11:09  Missile Turret  
  199  11:11  SCV, Bunker  
  198  11:21  Marine  
  198  11:22  Marauder  
  198  11:23  Marauder, Marine  
  198  11:24  Marine x3  
  198  11:25  Marauder  
  172  11:31  Marauder  
  139  11:39  Marine  
  129  11:41  Marine  
  129  11:43  Marauder x4  
  129  11:45  Marauder  
  129  11:46  Marauder  
  132  11:52  Marauder  
  129  11:57  Marine  
  129  11:58  Marine  
  123  12:04  Marauder, Marine x2  
  123  12:05  Marauder  
  123  12:06  Marauder  
  123  12:07  Marine  
  118  12:13  Marine  
  118  12:15  Marine  
  114  12:16  Marine  
  114  12:22  Marauder x2  
  119  12:25  Marine x2  
  119  12:26  Marauder  
  119  12:27  Marauder  
  108  12:31  Marine  
  108  12:32  Marine  
  108  12:34  Marine  
  101  12:43  Ghost, Marine x2, Marauder  
  103  12:46  Marine  
  103  12:48  Marine  
  103  12:49  Marauder  
  103  12:50  Marine  
  107  12:52  Marine  
  107  12:55  SCV, Orbital Command  
  109  13:01  Marauder, Marine  
  109  13:04  Ghost, Marine  
  103  13:06  Ghost  
  103  13:08  Marine  
  103  13:10  Ghost, Marine  
  103  13:11  Ghost  
  108  13:19  Marine  
  107  13:22  Marine x2  
  107  13:26  Marine  
  108  13:27  Marine  
  108  13:32  Ghost  
  104  13:34  Ghost  
  104  13:37  Marine  
  104  13:39  Marine  
  104  13:40  Marine x3  
  106  13:44  Marine  
  106  13:46  Marine  
  102  13:50  Medivac x2  
  102  13:55  Marauder  
  100  13:57  Marauder  
  100  13:58  Marauder, Marine x2  
  100  14:01  Marine  
  106  14:03  Ghost  
  106  14:05  Marine  
  106  14:08  Marine  
  110  14:16  Marauder, Marine x2  
  111  14:18  Marauder  
  111  14:19  Marine x2  
  111  14:23  Marine  
  112  14:26  Marine  
  113  14:32  Marauder  
  113  14:33  Marine  
  113  14:34  Marine  
  113  14:36  Medivac  
  113  14:37  Marine  
  120  14:42  Marine  
  120  14:43  Marine  
  121  14:47  Marine  
  121  14:52  Marine x4  
  109  14:53  Marine  
  109  14:55  Marine  
  103  15:00  Marine  
  103  15:01  Marine  
  103  15:05  Marine  
  100  15:10  Medivac x2, Marine x4  
  100  15:11  Marine  
  100  15:13  Marine  
  110  15:18  Marine  
  110  15:19  Marine  
  112  15:22  Marine  
  112  15:27  Marine  
  112  15:28  Marine x2  
  109  15:29  Marine  
  109  15:35  Marine  
  99  15:36  Marine  
  103  15:49  Marine  
Show
View Real Time Build Order
Export as new Build Order

SKillous Protoss - Winner!

Build Orders: 1 Gate Expand, Blink Stalkers 

Get SALT Encoding   

  12  0:00  Probe  
  13  0:12  Probe  
  14  0:18  Pylon  
  14  0:24  Probe (Chrono Boost)  
  15  0:37  Gateway  
  15  0:38  Probe (Chrono Boost)  
  16  0:43  Probe (Chrono Boost), Assimilator  
  17  0:53  Probe  
  18  1:05  Probe  
  19  1:17  Probe  
  20  1:24  Cybernetics Core  
  20  1:33  Nexus  
  20  1:35  Probe  
  21  1:42  Pylon  
  21  1:48  Assimilator  
  21  1:50  Probe  
  22  1:57  Adept (Chrono Boost)  
  24  2:02  Warp Gate  
  24  2:03  Probe  
  25  2:15  Probe  
  26  2:19  Twilight Council  
  26  2:27  Probe  
  26  2:28  Stalker  
  29  2:42  Probe (Chrono Boost)  
  29  2:43  Gateway  
  30  2:45  Probe (Chrono Boost)  
  30  2:48  Blink (Chrono Boost)  
  32  2:54  Probe (Chrono Boost)  
  32  2:55  Probe (Chrono Boost)  
  33  2:59  Probe (Chrono Boost)  
  33  3:03  Probe  
  35  3:12  Probe  
  36  3:14  Gateway  
  36  3:15  Probe  
  37  3:21  Robotics Facility  
  37  3:24  Probe  
  38  3:27  Probe  
  39  3:36  Probe  
  39  3:38  Pylon  
  39  3:39  Assimilator  
  39  3:40  Probe  
  42  3:48  Probe  
  42  3:52  Probe  
  42  3:53  Stalker  
  45  4:00  Probe  
  45  4:02  Stalker  
  48  4:04  Probe  
  48  4:08  Stalker  
  48  4:09  Observer  
  52  4:12  Probe  
  52  4:15  Nexus  
  53  4:18  Pylon  
  53  4:20  Probe  
  54  4:25  Pylon  
  54  4:34  Assimilator  
  54  4:36  Observer, Probe (Chrono Boost)  
  54  4:37  Probe (Chrono Boost)  
  57  4:38  Pylon  
  57  4:43  Stalker x2  
  57  4:44  Stalker  
  63  4:49  Probe (Chrono Boost)  
  65  4:54  Observer  
  65  4:57  Probe x2 (Chrono Boost)  
  66  5:09  Stalker x2  
  66  5:10  Immortal (Chrono Boost)  
  68  5:19  Pylon  
  69  5:23  Probe (Chrono Boost), Shield Battery  
  69  5:25  Stalker  
  69  5:27  Probe (Chrono Boost)  
  72  5:31  Robotics Bay  
  72  5:34  Probe (Chrono Boost)  
  74  5:37  Probe (Chrono Boost)  
  74  5:38  Probe (Chrono Boost)  
  74  5:39  Probe (Chrono Boost)  
  74  5:42  Probe (Chrono Boost)  
  76  5:43  Observer  
  76  5:44  Sentry  
  76  5:47  Probe  
  76  5:48  Probe  
  81  5:52  Charge  
  81  5:54  Probe  
  81  5:55  Gateway  
  81  5:56  Sentry  
  84  5:59  Pylon, Probe  
  84  6:01  Probe  
  86  6:06  Probe  
  86  6:08  Gateway  
  87  6:16  Gateway x2  
  87  6:19  Colossus (Chrono Boost)  
  87  6:20  Pylon  
  93  6:26  Pylon  
  93  6:28  Extended Thermal Lance  
  93  6:33  Gateway  
  93  6:34  Stalker  
  95  6:40  Forge  
  95  6:41  Pylon  
  93  6:48  Zealot x2  
  93  6:51  Shield Battery  
  97  6:59  Zealot x2  
  101  7:02  Probe  
  101  7:05  Colossus (Chrono Boost)  
  108  7:08  Probe  
  108  7:11  Protoss Ground Weapons Level 1 (Chrono Boost)  
  108  7:12  Zealot x5  
  119  7:23  Pylon  
  119  7:26  Zealot x2  
  119  7:28  Nexus  
  123  7:33  Pylon  
  123  7:38  Stalker x2  
  127  7:47  Colossus (Chrono Boost)  
  133  7:55  Probe x2  
  133  7:56  Probe  
  136  8:01  Zealot x2  
  140  8:07  Pylon, Probe, Forge  
  140  8:09  Pylon, Robotics Facility  
  141  8:16  Probe x2, Shield Battery  
  141  8:18  Pylon  
  141  8:22  Pylon  
  141  8:24  Gateway  
  141  8:25  Gateway, Probe  
  142  8:28  Probe x2  
  142  8:31  Photon Cannon, Warp Prism (Chrono Boost)  
  142  8:34  Shield Battery  
  146  8:37  Gravitic Drive (Chrono Boost)  
  146  8:38  Probe  
  147  8:42  Probe  
  147  8:44  Protoss Ground Armor Level 1 (Chrono Boost)  
  148  8:50  Nexus  
  148  8:54  Pylon, Protoss Ground Weapons Level 2 (Chrono Boost)  
  148  9:04  Disruptor (Chrono Boost)  
  148  9:09  Probe x2  
  158  9:11  Disruptor (Chrono Boost), Assimilator  
  158  9:12  Dark Shrine  
  158  9:13  Assimilator  
  156  9:17  Zealot x2  
  156  9:18  Zealot x3  
  166  9:30  Stalker x3  
  169  9:32  Disruptor (Chrono Boost)  
  169  9:33  Stalker  
  169  9:35  Probe  
  174  9:40  Probe  
  179  9:47  Probe  
  179  9:50  Probe x2  
  181  9:57  Disruptor (Chrono Boost)  
  181  10:01  Observer (Chrono Boost)  
  181  10:02  Stalker x5, Zealot x2  
  196  10:10  Disruptor (Chrono Boost)  
  194  10:21  Zealot x3  
  194  10:27  Disruptor (Chrono Boost)  
  192  10:32  Zealot x4  
  188  10:37  Nexus  
  178  10:45  Disruptor (Chrono Boost)  
  178  10:46  Pylon  
  178  10:49  Zealot x6  
  194  10:51  Probe x4  
  194  10:52  Probe  
  196  11:00  Zealot x2  
  196  11:04  Pylon  
  200  11:07  Robotics Facility  
  200  11:10  Robotics Facility  
  198  11:24  Zealot x7  
  198  11:25  Disruptor (Chrono Boost), Zealot  
  180  11:37  Disruptor (Chrono Boost)  
  170  11:42  Stalker x2  
  170  11:44  Stalker x3  
  170  11:45  Zealot  
  170  11:46  Zealot  
  170  11:47  Zealot  
  186  11:52  Disruptor (Chrono Boost), Dark Templar, Zealot  
  168  11:59  Probe x2  
  154  12:01  Protoss Ground Armor Level 2  
  154  12:06  Stalker, Disruptor, Zealot x3  
  154  12:07  Zealot  
  154  12:08  Probe  
  156  12:10  Probe x2  
  150  12:16  Stalker x2, Probe  
  150  12:17  Zealot x2  
  153  12:26  Disruptor  
  139  12:30  Disruptor  
  139  12:33  Zealot x6  
  139  12:35  Probe (Chrono Boost)  
  144  12:39  Probe x2 (Chrono Boost)  
  144  12:40  Probe x2 (Chrono Boost)  
  144  12:42  Dark Templar  
  143  12:46  Probe (Chrono Boost)  
  143  12:47  Probe (Chrono Boost)  
  142  12:51  Stalker x2  
  142  12:53  Probe x3 (Chrono Boost)  
  142  12:58  Stalker  
  145  13:03  Stalker  
  145  13:05  Zealot x5  
  149  13:09  Probe (Chrono Boost)  
  149  13:11  Probe (Chrono Boost)  
  143  13:17  Probe x2 (Chrono Boost)  
  143  13:18  Probe (Chrono Boost)  
  145  13:21  Probe (Chrono Boost)  
  145  13:23  Probe (Chrono Boost)  
  145  13:24  Zealot x4  
  149  13:27  Disruptor, Probe (Chrono Boost)  
  149  13:28  Probe (Chrono Boost)  
  149  13:32  Probe (Chrono Boost)  
  135  13:41  Zealot x6  
  135  13:42  Disruptor x2  
  151  13:50  Zealot x4  
  144  13:57  Disruptor  
  144  14:02  Zealot x6  
  154  14:04  Disruptor  
  154  14:05  Zealot x6  
  154  14:07  Zealot x6  
  153  14:11  Stargate  
  153  14:13  Zealot x4  
  149  14:20  Probe  
  149  14:22  Pylon  
  149  14:23  Pylon  
  146  14:26  Disruptor  
  146  14:28  Zealot x4  
  146  14:29  Zealot x2  
  154  14:41  Zealot x4  
  154  14:42  Disruptor  
  154  14:43  Disruptor  
  168  14:52  Zealot x6  
  155  15:03  Void Ray (Chrono Boost)  
  155  15:04  Stalker x2  
  155  15:05  Stalker  
  163  15:08  Zealot  
  162  15:15  Zealot x3  
  162  15:16  Zealot  
  161  15:29  Zealot x5  
  155  15:37  Zealot x5  
  163  15:45  Shield Battery  
  163  15:48  Pylon  
Tags
 
Add a new tag
Caveats
  • Supply blocks, unpowered buildings, or Contaminate may cause inaccurate times.
  • Supply counts are checked every 10 seconds.